 Dungeon Crawl Stone Soup version 0.19-a0-1875-g4fea3da (webtiles) character file.

114 Amnesiac the Cutter (level 5, -2/36 HPs)
             Began as a Halfling Monk on Oct 13, 2016.
             Slain by a mummy (20 damage)
             ... in an ossuary.
             The game lasted 00:03:52 (1653 turns).

Amnesiac the Cutter (Halfling Monk)                 Turns: 1653, Time: 00:03:53

Health: -2/36      AC:  2    Str: 10    XL:     5   Next: 19%
Magic:  5/5        EV: 17    Int:  8    God:
Gold:   28         SH:  0    Dex: 18    Spells: 0 memorised, 4 levels left

rFire  . . .     SeeInvis .     a - +0 short sword
rCold  . . .     Gourm    .     b - +0 robe
rNeg   . . .     Faith    .     (shield restricted)
rPois  .         Spirit   .     (no helmet)
rElec  .         Dismiss  .     (no cloak)
rCorr  .         Reflect  .     (no gloves)
MR     .....     Harm     .     (no boots)
Stlth  +++.......               (no amulet)
                                (no ring)
                                i - -2 ring of strength (curse)

@: no status effects
A: mutation resistance 1
a: no special abilities


You were in an ossuary.
You were not hungry.

You visited 1 branch of the dungeon, and saw 4 of its levels.
You also visited: Ossuary.

You collected 28 gold pieces.

Inventory:

Hand Weapons
 a - a +0 short sword (weapon)
Armour
 b - a +0 robe (worn)
Jewellery
 i - a cursed -2 ring of strength (left hand)
Scrolls
 d - a scroll of amnesia {unknown}
 e - a scroll of remove curse {unknown}
 f - a scroll of blinking {unknown}
 g - a scroll of immolation {unknown}
Potions
 h - a potion of curing
Comestibles
 c - a bread ration


   Skills:
 + Level 3.1 Fighting
 + Level 4.3 Short Blades
 + Level 4.0 Dodging
 * Level 4.1 Stealth


You had 4 spell levels left.
You didn't know any spells.

Dungeon Overview and Level Annotations

Branches:
Dungeon (4/15)
 Temple: D:4-7

Altars:

Shops:
D:4 (

Annotations:
D:4 Pikel, Sigmund


Innate Abilities, Weirdness & Mutations

You are small and have problems with some larger weapons.
You are somewhat resistant to further mutation.


Message History

A mummy is nearby!
You barely miss the mummy.
The mummy is lightly damaged.
You hit the mummy but do no damage.
The mummy is lightly damaged.
The mummy barely misses you.
You hit the mummy.
The mummy is moderately damaged.
You completely miss the mummy.
The mummy is moderately damaged.
The mummy hits you!!
Ouch! That really hurt!
You hit the mummy.
The mummy is heavily damaged.
You hit the mummy.
The mummy is heavily damaged.
The mummy barely misses you. The scorpion closely misses you.
The mummy hits you!!
Ouch! That really hurt!
You die...

#####################
Z.#...#^..#...#...#...#
..'!.s#...'...8...#.∩.#
..#.?Z#...#.......#...#
######'###8...8###'##
#...#...#.......#...#
#...8...#...8...'.∩.#
#.......#...#...#...#
##8..@8##############
#....Ms.#..^#.?!#..
#...8...'^..#!.?'..
#...#...#...#.?!#..
##########'###### #
#.....# ...
#.....#.....
#.....8.....
#...........


You could see a mummy and a scorpion.

Vanquished Creatures
  A centaur zombie (Ossuary)
  A human zombie (Ossuary)
  2 adders (D:4)
  2 scorpion zombies (Ossuary)
  A leopard gecko (D:1)
  3 bats
  A giant cockroach (D:4)
  A goblin (D:2)
  A jackal (D:1)
  A quokka (D:4)
  A hobgoblin zombie (Ossuary)
  A kobold (D:2)
  An orc zombie (Ossuary)
17 creatures vanquished.

Notes
Turn   | Place    | Note
-------+----------+-------------------------------------------
     0 | D:1      | Amnesiac the Halfling Monk began the quest for the Orb.
     0 | D:1      | Reached XP level 1. HP: 15/15 MP: 1/1
    65 | D:1      | Reached XP level 2. HP: 20/20 MP: 2/2
   195 | D:3      | Noticed a centaur
   243 | D:4      | Found Veb Jyuf's Weapon Shop.
   271 | D:4      | Reached XP level 3. HP: 25/25 MP: 3/3
   385 | D:4      | Noticed Sigmund
   513 | D:4      | Noticed Pikel
   541 | D:4      | Found a sand-covered staircase.
   546 | Ossuary  | Entered an ossuary
   604 | Ossuary  | Reached XP level 4. HP: 12/31 MP: 4/4
  1158 | Ossuary  | Reached XP level 5. HP: 10/36 MP: 5/5
  1653 | Ossuary  | Slain by a mummy

Vault maps used:
D:1:      minmay_arrival_wavy_path
D:2:      first_bread, uniq_natasha
D:3:      nicolae_ru_great_annihilating_truth, uniq_terence
D:4:      serial_shops, shop, enter_ossuary_2, uniq_pikel, uniq_sigmund
Ossuary:  ossuary_minmay_scorpions

Skill      XL: |  1  2  3  4  5 |
---------------+----------------+-----
Stealth        | 3 4 |  4.1
Short Blades   | 4 |  4.3
Fighting       | 3 |  3.1
Dodging        | 4 |  4.0

Action                   |  1- 3 |  4- 6 || total
-------------------------+-------+-------++-------
Melee: Short sword       |    54 |    79 ||   133
  Use: Potion            |     1 |       ||     1
 Stab: Sleeping          |     3 |       ||     3
  Eat: Bread ration      |       |     1 ||     1
Armor: Robe              |    13 |     2 ||    15
Dodge: Dodged            |    47 |    33 ||    80
